 Dungeon Crawl Stone Soup version 0.31-a0-232-gb1c03b2570 (webtiles) character file.

Game seed: 2735340851701071685

265 qw the Shooter (level 5, -2/45 HPs)
             Began as a Minotaur Hexslinger on July 7, 2023.
             Slain by Ijyb
             ... wielding a +0 club
              (4 damage)
             ... on level 3 of the Dungeon.
             The game lasted 00:01:07 (3009 turns).

qw the Shooter (Minotaur Hexslinger)                Turns: 3009, Time: 00:01:07

Health: -2/45      AC:  7    Str: 19    XL:     5   Next: 99%
Magic:  5/5        EV: 11    Int: 10    God:
Gold:   823        SH:  0    Dex: 14    Spells: 5/6 levels left

rFire   + . .        Y - +1 sling
rCold   . . .        (no shield)
rNeg    . . .        h - +1 ring mail {rF+}
rPois   .            (helmet restricted)
rElec   .            (no cloak)
rCorr   .            n - +0 pair of gloves
SInv    .            (no boots)
Will    .....        (no amulet)
Stlth   +            d - +6 ring of strength
HPRegen 0.27/turn    (no ring)
MPRegen 0.09/turn

%: no passive effects
@: no status effects
A: horns 2, retaliatory headbutt
a: no special abilities


You were on level 3 of the Dungeon.
You visited 1 branch of the dungeon, and saw 4 of its levels.

You collected 823 gold pieces.


Innate Abilities, Weirdness & Mutations

You have a pair of horns on your head.
You reflexively headbutt those who attack you in melee.


   Skills:
 - Level 3.4 Fighting
 + Level 5.9 Ranged Weapons
 - Level 1.8 Armour
 - Level 2.1 Dodging
 - Level 1.0 Spellcasting
 - Level 2.0 Hexes


You had 5 spell levels left.
You knew the following spells:

 Your Spells              Type           Power      Damage    Failure   Level
a - Slow                  Hex            16%        N/A       26%         1

Your spell library contained the following spells:

 Spells                   Type           Power      Damage    Failure   Level
 Inner Flame              Hex/Fire       2%         N/A       75%         3
 Portal Projectile        Hex/Tloc       4%         N/A       75%         3
 Cause Fear               Hex            2%         N/A       95%         4

Inventory:

Hand Weapons
 Y - a +1 sling (weapon)
Armour
 h - a +1 ring mail of fire resistance (worn)
 m - a +1 robe of willpower
 n - a +0 pair of gloves (worn)
Jewellery
 d - a +6 ring of strength (left hand)
Potions
 c - 3 potions of curing
 f - 2 potions of cancellation
 g - a potion of mutation {unknown}
 i - a potion of resistance {unknown}
 l - a potion of attraction {unknown}

Dungeon Overview and Level Annotations

Branches:
Dungeon (4/15)
 Temple: D:4-7

Altars:
Ashenzari
Cheibriados
Makhleb
Xom

Annotations:
D:3 Eustachio, Ijyb


Message History

You shoot a sling bullet. The sling bullet closely misses Ijyb.
Ijyb closely misses you. You furiously retaliate!
You headbutt Ijyb. You shoot a sling bullet.
The sling bullet hits Ijyb but does no damage.
Ijyb is moderately wounded.
Ijyb zaps a wand.
Your mind is blasted!
The now-empty wand crumbles to dust.
You shoot a sling bullet. The sling bullet barely misses Ijyb.
Ijyb barely misses you. You furiously retaliate!
You headbutt Ijyb. You shoot a sling bullet.
The sling bullet hits Ijyb but does no damage.
Ijyb is severely wounded.
Ijyb hits you with a +0 club.
You shoot a sling bullet. The sling bullet closely misses Ijyb.
Ijyb hits you with a +0 club. Ijyb completely misses you.
You shoot a sling bullet.
The sling bullet hits Ijyb but does no damage.
Ijyb is severely wounded.
Ijyb closely misses you.
You shoot a sling bullet.
The sling bullet hits Ijyb but does no damage.
Ijyb is severely wounded.
Ijyb hits you with a +0 club.
You shoot a sling bullet. The sling bullet hits Ijyb.
Ijyb is severely wounded.
Ijyb hits you with a +0 club.
You shoot a sling bullet. The sling bullet closely misses Ijyb.
Ijyb closely misses you. You furiously retaliate!
You headbutt Ijyb. You shoot a sling bullet.
The sling bullet barely misses Ijyb.
Ijyb hits you but does no damage. x2
You shoot a sling bullet.
The sling bullet hits Ijyb but does no damage.
Ijyb is almost dead.
Ijyb barely misses you.
You shoot a sling bullet. The sling bullet hits Ijyb.
Ijyb is almost dead.
Ijyb hits you with a +0 club.
You shoot a sling bullet. The sling bullet hits Ijyb.
Ijyb is almost dead.
Ijyb hits you with a +0 club.
You die...

.......# #.#.............#
#.# ##.#####
##'###########.#.# #.# #.#
##...## #.#.###.# #.##
##.....## ###.......# #..##
##.......## ##.###.#####
##...####...<.....####...##.#
........+.........'.......#.#
##/..####......)[)####...##.#
#..## ##......@## ##.###'##
#.## ##....g## ####.).# ##.##
##...## #...# #...# ##'##
#_._# #...# #.# ###### #...#
#.###########.# #.###
##.##........#.# #.#
##...#.######.#.#
#.#########......######.#.#


You could see Ijyb.

Vanquished Creatures
  A crimson imp (D:3)
  Jessica (D:3)
  Natasha (thrice) (D:3)
  Terence (D:3)
  Robin (D:3)
  An adder (D:2)
  2 gnolls (D:3)
  A dart slug (D:1)
  4 orcs
  3 endoplasms
  5 giant cockroaches
  12 goblins
  11 hobgoblins
  4 jackals (D:1)
  4 ball pythons
  A bat (D:1)
  A frilled lizard (D:3)
  6 rats
62 creatures vanquished.

Notes
Turn   | Place    | Note
-------+----------+-------------------------------------------
     0 | D:1      | qw the Minotaur Hexslinger began the quest for the Orb.
     0 | D:1      | Reached XP level 1. HP: 16/16 MP: 1/1
     0 | D:1      | 0 ||| qw: Version: 0.3-a-46-gb1f654a
     0 | D:1      | 0 ||| qw: Game counter: 2753
     0 | D:1      | 0 ||| qw: Melee chars always use a shield: true
     0 | D:1      | 0 ||| qw: God list: Okawaru
     0 | D:1      | 0 ||| qw: Allow faded altars: false
     0 | D:1      | 0 ||| qw: Do Orc after clearing Dungeon:15 true
     0 | D:1      | 0 ||| qw: Do second Lair branch before Depths: true
     0 | D:1      | 0 ||| qw: Lair rune preference: random
     0 | D:1      | 0 ||| qw: Goals: Normal
     0 | D:1      | 0 ||| PLANNING D:1-11
   231 | D:1      | Reached skill level 3 in Ranged Weapons
   245 | D:1      | Reached XP level 2. HP: 23/23 MP: 2/2
   332 | D:1      | Found a faded altar of an unknown god.
   629 | D:1      | 629 ||| UPGRADING to +0 leather armour.
   639 | D:1      | 639 ||| DROPPING +0 robe.
   640 | D:1      | 640 ||| UPGRADING to +0 ring mail.
   650 | D:1      | 650 ||| DROPPING +0 leather armour.
   651 | D:1      | 651 ||| UPGRADING to +6 ring of strength.
   652 | D:1      | 652 ||| DROPPING ring of magical power.
   653 | D:1      | 653 ||| DRINKING 3 golden potions.
   654 | D:1      | 654 ||| DROPPING scroll of poison.
   890 | D:2      | Found a broken altar of Ashenzari.
   896 | D:2      | Reached XP level 3. HP: 29/29 MP: 3/3
  1173 | D:2      | 1173 ||| READING scroll labelled OLA XINKADDEAFU.
  1174 | D:2      | 1174 ||| DRINKING 4 silvery potions.
  1175 | D:2      | 1175 ||| DRINKING 2 sapphire potions.
  1254 | D:3      | Reached skill level 4 in Ranged Weapons
  1338 | D:3      | Noticed Robin
  1356 | D:3      | Killed Robin
  1357 | D:3      | Reached XP level 4. HP: 20/36 MP: 4/4
  1444 | D:3      | Noticed Natasha
  1455 | D:3      | Killed Natasha
  1456 | D:3      | Reached skill level 5 in Ranged Weapons
  1464 | D:3      | Noticed Natasha
  1469 | D:3      | Killed Natasha
  1469 | D:3      | Noticed Natasha
  1473 | D:3      | HP: 9/37 [Natasha/magic dart (6)]
  1474 | D:3      | 1474 ||| DRINKING potion of heal wounds.
  1476 | D:3      | Killed Natasha
  1477 | D:3      | Reached skill level 3 in Fighting
  1477 | D:3      | Reached XP level 5. HP: 42/45 MP: 5/5
  1591 | D:3      | Found a snail-covered altar of Cheibriados.
  1671 | D:3      | Found a shimmering altar of Xom.
  1671 | D:3      | Found a burning altar of Makhleb.
  1676 | D:3      | Reached skill level 1 in Armour
  2032 | D:3      | Noticed Terence
  2045 | D:3      | Killed Terence
  2223 | D:3      | Noticed Jessica
  2230 | D:3      | Killed Jessica
  2392 | D:3      | 2392 ||| UPGRADING to +1 ring mail of fire resistance.
  2402 | D:3      | 2402 ||| DROPPING +0 ring mail.
  2403 | D:3      | 2403 ||| UPGRADING to +0 pair of gloves.
  2408 | D:3      | 2408 ||| READING scroll labelled QUMIRA GIDIGHA.
  2408 | D:3      | Identified a scroll of acquirement
  2408 | D:3      | 2408 ||| ACQUIRING 582 gold pieces
  2408 | D:3      | Acquired 582 gold pieces
  2410 | D:3      | 2410 ||| READING 2 scrolls labelled OSMURE JIRAE.
  2415 | D:3      | 2415 ||| READING scroll labelled WOKLUPR XEENT.
  2416 | D:3      | 2416 ||| DRINKING 2 murky purple potions.
  2444 | D:3      | 2444 ||| DROPPING potion of lignification.
  2481 | D:4      | Noticed Eustachio
  2487 | D:4      | 2487 ||| STAIRDANCE
  2491 | D:3      | 2491 ||| FLEEEEING.
  2492 | D:3      | 2492 ||| FLEEEEING.
  2493 | D:3      | 2493 ||| FLEEEEING.
  2494 | D:3      | 2494 ||| FLEEEEING.
  2506 | D:3      | 2506 ||| FLEEEEING.
  2525 | D:3      | HP: 9/45 [Eustachio/+0 rapier (3)]
  2526 | D:3      | 2526 ||| READING scroll of teleportation.
  2527 | D:3      | HP: 3/45 [quokka[Eustachio] (3)]
  2696 | D:4      | Noticed Ijyb
  2698 | D:4      | 2698 ||| STAIRDANCE
  2773 | D:4      | 2773 ||| STAIRDANCE
  2781 | D:3      | HP: 11/45 [gnoll/+0 whip (5)]
  2915 | D:4      | 2915 ||| STAIRDANCE
  2992 | D:4      | 2992 ||| STAIRDANCE
  3001 | D:3      | HP: 11/45 [Ijyb/+0 club (5)]
  3004 | D:3      | HP: 5/45 [Ijyb/+0 club (4)]
  3008 | D:3      | HP: 1/45 [Ijyb/+0 club (5)]
  3009 | D:3      | Slain by Ijyb

Levels and vault maps discovered:
D:1:      dpeg_arrival_three_same_balls, layout_loops_ring,
          basic_ecumenical_altar
D:2:      minmay_spotlight, layout_basic, basic_altar, item_on_display_a
D:3:      layout_loops_corners, grunt_temple_overflow_champion_of_chaos,
          mainiacjoe_overflow_24_doors, uniq_jessica, uniq_natasha,
          uniq_terence, uniq_robin
D:4:      layout_basic, okawaru_gym_becter, temple_statues,
          gammafunk_ghost_mausoleum, uniq_eustachio, uniq_sigmund, uniq_ijyb

Skill      XL: |  1  2  3  4  5 |
---------------+----------------+-----
Ranged Weapons | 3 4 5 |  5.9
Fighting       | 2 3 |  3.4
Armour         | 1 |  1.8
Dodging        | |  2.1
Spellcasting   | |  1.0
Hexes          | |  2.0

Action                     |  1- 3 |  4- 6 || total
---------------------------+-------+-------++-------
   Fire: Sling             |   128 |   139 ||   267
    Use: Potion            |     3 |     2 ||     5
         Scroll            |     1 |     4 ||     5
 Armour: Robe              |     3 |       ||     3
         Ring mail         |    19 |    37 ||    56
  Dodge: Dodged            |    30 |    60 ||    90

Table legend:
 A = Non-vault XP
 B = Vault XP
 C = Vault XP percentage of total XP
 D = Non-vault monster count
 E = Vault monster count
 F = Vault count percentage of total count
                 A         B        C        D         E       F
            +---------+---------+-------+---------+---------+-------
      Total |     180 |     199 |  52.5 |      41 |      21 |  33.9
            +---------+---------+-------+---------+---------+-------
        D:1 |      31 |       0 |   0.0 |      17 |       0 |   0.0
        D:2 |      25 |       7 |  21.9 |       7 |       4 |  36.4
        D:3 |     122 |     192 |  61.1 |      16 |      17 |  51.5
        D:4 |       2 |       0 |   0.0 |       1 |       0 |   0.0
            +---------+---------+-------+---------+---------+-------
